 Dungeon Crawl Stone Soup version 0.28.0-53-g5a82cb258f (webtiles) character file.

Game seed: 6107615142500027397

100 Zeld the Chiller (level 4, -1/30 HPs)
             Began as a Merfolk Ice Elementalist on May 20, 2022.
             Slain by a water moccasin skeleton (2 damage)
             ... on level 5 of the Dungeon.
             The game lasted 00:03:19 (3841 turns).

Zeld the Chiller (Merfolk Ice Elementalist)         Turns: 3841, Time: 00:03:20

Health: -1/30      AC:  4    Str:  8    XL:     4   Next: 73%
Magic:  2/8        EV: 13    Int: 16    God:
Gold:   86         SH:  0    Dex: 14    Spells: 2/9 levels left

rFire   . . .      SeeInvis +   (no weapon)
rCold   . . .      Faith    .   (no shield)
rNeg    . . .      Spirit   .   a - +0 robe
rPois   .          Reflect  .   (no helmet)
rElec   .          Harm     .   (no cloak)
rCorr   .          Rampage  .   e - +0 pair of gloves
Will    .....                   i - +0 pair of boots
Stlth   ++........              (no amulet)
HPRegen 0.10/turn               j - ring of see invisible
MPRegen 0.11/turn               (no ring)

@: no status effects
A: (nimble swimmer 2), mertail
a: no special abilities


You were on level 5 of the Dungeon.
You visited 1 branch of the dungeon, and saw 4 of its levels.

You collected 86 gold pieces.

Inventory:

Armour
 a - a +0 robe (worn)
 e - a +0 pair of gloves (worn)
 i - a +0 pair of boots (worn)
Jewellery
 j - a ring of see invisible (left hand)
Wands
 l - a wand of iceblast (11)
Scrolls
 b - a scroll of fear {unknown}
 c - a scroll of silence {unknown}
 d - a scroll of holy word {unknown}
 g - a scroll of amnesia {unknown}
 k - 3 scrolls of teleportation {unknown}
 m - 2 scrolls of identify {unknown}
 p - a scroll of enchant weapon {unknown}
Potions
 f - 2 potions of curing {unknown}
 h - 2 potions of attraction {unknown}


   Skills:
 + Level 3.7 Dodging
 - Level 2.1 Stealth
 * Level 3.1 Spellcasting
 * Level 5.3 Ice Magic


You had 2 spell levels left.
You knew the following spells:

 Your Spells              Type           Power      Damage    Failure   Level
a - Freeze                Ice            76%        1d9       1%          1
b - Frozen Ramparts       Ice            38%        1d5       6%          3
c - Ozocubu's Armour      Ice            19%        N/A       6%          3

Your spell library contained the following spells:

 Spells                   Type           Power      Damage    Failure   Level
 Magic Dart               Conj           8%         1d3       19%         1
 Call Imp                 Summ           2%         N/A       28%         2
 Gell's Gravitas          Tloc           2%         N/A       50%         3
 Lesser Beckoning         Tloc           2%         N/A       50%         3
 Mephitic Cloud           Conj/Pois/Air  2%         N/A       50%         3
 Teleport Other           Tloc           2%         N/A       50%         3
 Hailstorm                Conj/Ice       11%        3d5       52%         4


Dungeon Overview and Level Annotations

Branches:
Dungeon (3/15)

Altars:


Innate Abilities, Weirdness & Mutations

((You are very nimble when in or above water. (Stealth+, EV+, Speed+++)))
Your lower body shifts to a powerful aquatic tail in water.


Message History

Your icy armour will break if you move.
Continue? [Y]es or [N]o only, please.
Your icy armour will break if you move.
Continue? [Y]es or [N]o only, please.
Your icy armour will break if you move.
Continue?
Okay, then.
Your icy armour will break if you move.
Continue? [Y]es or [N]o only, please.
Your icy armour will break if you move.
Continue?
Your icy armour cracks and falls away as you move.
Aiming: Iceblast
Press: ? - help, Shift-Dir - straight line, f/p - water moccasin skeleton
Aim: a water moccasin skeleton (heavily damaged) That beam is likely to hit you.
Continue anyway?
Okay, then.
Unknown command.
Aiming: Iceblast
Press: ? - help, Shift-Dir - straight line, f/p - water moccasin skeleton
Aim: a water moccasin skeleton (heavily damaged)
Okay, then.
Unknown command.
You closely miss the water moccasin skeleton.
The water moccasin skeleton is heavily damaged.
The water moccasin skeleton bites you but does no damage.
You closely miss the water moccasin skeleton.
The water moccasin skeleton is heavily damaged.
The water moccasin skeleton closely misses you.
The water moccasin skeleton misses you.
You hit the water moccasin skeleton.
The water moccasin skeleton is heavily damaged.
The water moccasin skeleton bites you.
* * * LOW HITPOINT WARNING * * *
You completely miss the water moccasin skeleton.
The water moccasin skeleton is heavily damaged.
The water moccasin skeleton barely misses you.
You hit the water moccasin skeleton but do no damage.
You punch the water moccasin skeleton.
The water moccasin skeleton is heavily damaged.
The water moccasin skeleton bites you.
You die...

#...# #.... ..#####.#.#
#.......#.# ######.#.###
##...........
##...#####..##
#####.....####..#
#@Z.............#
#####.....#####.#
##...## #.# #######.##
#.# # #...# #.# #.# #..
###...###.# #.#
....##.......#.#######.#
#........#.............#
#............#.#########


You could see a water moccasin skeleton.

Vanquished Creatures
  An iguana (D:5)
  An adder (D:2)
  A worm (D:2)
  4 dart slugs
  7 bats
  4 endoplasms (D:1)
  3 giant cockroaches
  8 goblins
  2 hobgoblins
  2 jackals (D:2)
  4 quokkas
  5 ball pythons
  3 frilled lizards (D:1)
  3 kobolds
  6 rats
54 creatures vanquished.

Notes
Turn   | Place    | Note
-------+----------+-------------------------------------------
     0 | D:1      | Zeld the Merfolk Ice Elementalist began the quest for the
                  | Orb.
     0 | D:1      | Reached XP level 1. HP: 13/13 MP: 3/3
   530 | D:1      | Reached XP level 2. HP: 17/19 MP: 1/5
  1351 | D:1      | Reached XP level 3. HP: 24/24 MP: 4/6
  1355 | D:1      | Learned a level 3 spell: Frozen Ramparts
  1359 | D:1      | Learned a level 3 spell: Ozocubu's Armour
  1447 | D:1      | Found a faded altar of an unknown god.
  2227 | D:2      | Reached skill level 5 in Ice Magic
  2624 | D:2      | Reached XP level 4. HP: 26/30 MP: 5/8
  3718 | D:3      | You fall into a shaft and drop 2 floors!
  3718 | D:5      | Entered Level 5 of the Dungeon
  3839 | D:5      | HP: 1/30 [water moccasin skeleton (3)]
  3841 | D:5      | Slain by a water moccasin skeleton

Illustrated notes

Levels and vault maps discovered:
D:1:      dpeg_arrival_line_fractal, layout_loops_corners,
          hellmonk_ecumenical_altar_pennies_from_heaven,
          chequers_serial_rivers_marsh
D:2:      layout_basic, corexii_item_surrounded_by_moat, minmay_liquid_box
D:3:      layout_basic, grunt_ministairs_8
D:5:      layout_loops_ring, grunt_temple_overflow_order_and_chaos_2, uniq_pikel

Skill      XL: |  1  2  3  4 |
---------------+-------------+-----
Dodging        | 3 |  3.7
Ice Magic      | 5 |  5.3
Spellcasting   | 3 |  3.1
Stealth        | |  2.1

Action                   |  1- 3 |  4- 6 || total
-------------------------+-------+-------++-------
Melee: Unarmed           |    37 |    38 ||    75
       Punch             |       |     1 ||     1
 Cast: Freeze            |    66 |    26 ||    92
       Frozen Ramparts   |       |     2 ||     2
       Ozocubu's Armour  |       |     1 ||     1
 Stab: Sleeping          |     4 |       ||     4
Armor: Robe              |    28 |    14 ||    42
Dodge: Dodged            |    56 |    42 ||    98
